[Event "Early-Titled-Tuesday-Blitz-March-19-2024"]
[Site "Chess.com"]
[Date "2024.03.19"]
[Round "11"]
[White "ahkashefi2800"]
[Black "AlexOstrovskiy"]
[Result "1-0"]
[WhiteElo "2613"]
[BlackElo "2726"]
[TimeControl "180+1"]
[EndTime "10:05:38 PDT"]
[Termination "ahkashefi2800 won on time"]

1. d4 Nf6 2. Nf3 c5 3. e3 d5 4. Bd3 Nbd7 5. c3 g6 6. Nbd2 Bg7 7. O-O O-O 8. Re1 b6 9. b3 Bb7 10. Bb2 Rc8 11. Rc1 Re8 12. c4 e6 13. Bb1 cxd4 14.
Nxd4 e5 15. Nb5 Nc5 16. Nxa7 Rc7 17. Nb5 Rd7 18. Qe2 d4 19. exd4 exd4 20. Qf1 Rxe1 21. Rxe1 Nh5 22. Ne4 Nf4 23. g3 Nfe6 24. Nxc5 bxc5 25.
Bd3 h5 26. h4 g5 27. Qh3 gxh4 28. Rxe6 fxe6 29. Qxe6+ Kf8 30. Ba3 Qe7 31. Qf5+ Kg8 32.
Qh7+ Kf8 33. Qf5+ Kg8 34. Kh2 hxg3+ 35. fxg3 Qe3 36. Qh7+ Kf7 37. Qxh5+ Ke7 38. Bxc5+ Kd8 39. Bb6+ Kc8 40. Qc5+ Kb8 41. Bc7+ Rxc7 42. Qxc7+ Ka8 43. Qd8+ 1-0

[Event "Early-Titled-Tuesday-Blitz-March-19-2024"]
[Site "Chess.com"]
[Date "2024.03.19"]
[Round "11"]
[White "francyIM"]
[Black "Kacparov"]
[Result "1-0"]
[WhiteElo "2840"]
[BlackElo "2909"]
[TimeControl "180+1"]
[EndTime "10:05:39 PDT"]
[Termination "francyIM won by resignation"]

1. Nf3 d5 2. e3 c6 3. c4 Nf6 4. b3 Bg4 5. Bb2 e6 6. Qc2 Nbd7 7. Nh4 Bh5 8. h3 Ne4 9. Nf3 Bg6 10. d3 Bb4+ 11.
Nbd2 Nxd2 12. Nxd2 dxc4 13. Qxc4 Bxd2+ 14. Kxd2 e5 15. Be2 Qe7 16. Rhd1 Rd8 17. Ke1 Nb6 18. Qc3 f6 19.
Kf1 Nd5 20. Qc4 Nb6 21. Qc3 Nd5 22. Qa5 b6 23. Qd2 O-O 24. a3 c5 25. Qc2 f5 26.
Kg1 f4 27. e4 f3 28. Bxf3 Rxf3 29. exd5 Rff8 30. Qc4 Bf7 31. Qe4 Rxd5 32. Re1 Rfd8 33. Bxe5 R5d6 34. Bxd6 Qxd6 35. Qe7 Qxd3 36. Rad1 Qxd1 37.
Rxd1 Rxd1+ 38. Kh2 h6 39. Qxa7 Bxb3 40. Qxb6 c4 41.
Qe6+ Kh7 42. a4 Ra1 43. Qf5+ Kg8 44. a5 Ra2 45. a6 1-0

[Event "Early-Titled-Tuesday-Blitz-March-19-2024"]
[Site "Chess.com"]
[Date "2024.03.19"]
[Round "11"]
[White "Laico"]
[Black "nabukatnezarr"]
[Result "0-1"]
[WhiteElo "2407"]
[BlackElo "2561"]
[TimeControl "180+1"]
[EndTime "10:05:39 PDT"]
[Termination "nabukatnezarr won by resignation"]

1. e4 c6 2. d4 d5 3. f3 g6 4. Nc3 Bg7 5. Be3 b5 6. Qd2 b4 7.
Nce2 a5 8. O-O-O Nd7 9. h4 h5 10. e5 Nb6 11. Nf4 e6 12. g4 hxg4 13. fxg4 Rxh4 14.
Rxh4 Qxh4 15. Qg2 Qe7 16. Nf3 Ba6 17. Bxa6 Rxa6 18. Qh3 Nc4 19. Qh7 Nxe3 20. Qxg8+ Qf8 21. Qxf8+ Bxf8 22. Rg1 c5 23. Kd2 Nc4+ 24. Kc1 cxd4 25. b3 Na3 26. Nxd4 Bc5 27. Rd1 Bxd4 28. Rxd4 Rc6 29. Rd2 Rc3 30. Nd3 Ke7 31. Rh2 Rc8 32. Rh7 Rxc2+ 33. Kd1 Rxa2 34. Nf4 Kf8 35. Rh8+ Kg7 36. Ra8 Nb5 37. Rb8 Nc3+ 38. Ke1 Rb2 39. Rb7 Rb1+ 40. Kd2 Rf1 41. Nxe6+ Kh6 42. Nd8 Ne4+ 43.
Ke3 Ng5 44. Rb5 Rf3+ 45. Ke2 Rxb3 46. Rxa5 d4 47. Nc6 Re3+ 48. Kf2 Re4 49. Kg3 d3 50. Rd5 b3 51. Rxd3 b2 52. Rb3 Re3+ 53. Rxe3 b1=Q 54.
Nd4 Qg1+ 55. Kf4 Qf2+ 56. Nf3 Nxf3 57. Rxf3 Qd4+ 0-1

[Event "Early-Titled-Tuesday-Blitz-March-19-2024"]
[Site "Chess.com"]
[Date "2024.03.19"]
[Round "11"]
[White "venturov"]
[Black "HamedWafa4"]
[Result "0-1"]
[WhiteElo "2523"]
[BlackElo "2835"]
[TimeControl "180+1"]
[EndTime "10:05:42 PDT"]
[Termination "HamedWafa4 won on time"]

1. e4 e5 2. Bc4 Nf6 3. d3 Bc5 4.
Nc3 O-O 5. f4 d5 6. Nxd5 Be6 7.
Nxf6+ Qxf6 8. Bxe6 fxe6 9. Nf3 exf4 10. d4 Bb6 11. O-O c5 12. d5 c4+ 13. Kh1 Nd7 14.
a4 e5 15. a5 Bc5 16. Ra4 g5 17. Rxc4 g4 18. b4 Bd6 19. Nd4 exd4 20. Qxg4+ Qg7 21.
Qe6+ Kh8 22. Qxd6 Rg8 23. Rf2 f3 24. Bb2 fxg2+ 25. Kg1 Rae8 26. Bxd4 Ne5 27. Bxe5 Rxe5 28. Rc7 Re7 29. Qf6 Qxf6 30. Rxf6 Rxc7 31. Rf2 Rc4 0-1

[Event "Early-Titled-Tuesday-Blitz-March-19-2024"]
[Site "Chess.com"]
[Date "2024.03.19"]
[Round "11"]
[White "Zampronha1971"]
[Black "RebecaJimnz"]
[Result "1-0"]
[WhiteElo "2299"]
[BlackElo "2245"]
[TimeControl "180+1"]
[EndTime "10:05:42 PDT"]
[Termination "Zampronha1971 won on time"]

1. e4 c5 2. Nf3 Nc6 3. d4 cxd4 4. Nxd4 g6 5. Nc3 Bg7 6. Be3 Nf6 7. Bc4 Qa5 8. O-O O-O 9. Bb3 d6 10. h3 Bd7 11. f4 Nxd4 12. Bxd4 Bc6 13. Qd3 Nd7 14. Bxg7 Kxg7 15. Rae1 Rac8 16. Kh1 a6 17. Nd5 Bxd5 18. exd5 Rfe8 19. Re3 Nf6 20. Rfe1 Rc7 21. f5 Qb4 22. fxg6 hxg6 23. Qe2 Qh4 24. Kh2 Rh8 25. Kg1 Re8 26. Rf1 Nh5 27. Rff3 Qd4 28. Kh2 f6 29. Re4 Qxb2 30.
g4 f5 31. Re6 fxg4 32. hxg4 Nf6 33. Rexf6 exf6 34. Qxe8 Rf7 35. Qe3 1-0

[Event "Early-Titled-Tuesday-Blitz-March-19-2024"]
[Site "Chess.com"]
[Date "2024.03.19"]
[Round "11"]
[White "GlavkonVVS"]
[Black "LLariMarc"]
[Result "1-0"]
[WhiteElo "2695"]
[BlackElo "2466"]
[TimeControl "180+1"]
[EndTime "10:05:43 PDT"]
[Termination "GlavkonVVS won by resignation"]

1. c4 g6 2. Nc3 Bg7 3. Nf3 c5 4. g3 Nc6 5. Bg2 Nf6 6. d3 d6 7.
Bd2 Bd7 8. a3 a6 9. Rb1 Rb8 10.
b4 cxb4 11. axb4 b5 12. cxb5 axb5 13. O-O O-O 14. h3 h6 15. e4 e5 16. Be3 Be6 17.
Qd2 Kh7 18. Rfc1 Qd7 19. g4 Rfc8 20. d4 exd4 21. Nxd4 Bc4 22. Nxc6 Rxc6 23. e5 Ne8 24.
Bxc6 Qxc6 25. exd6 Rd8 26. Bf4 Nxd6 27. Qe3 Nb7 28.
Rd1 Re8 29. Qg3 Ra8 30. Be5 f6 31. Bd4 Nd6 32. Bxf6 Ne8 33. Bxg7 Nxg7 34. Qg2 Qc8 35. Ra1 Rxa1 36. Rxa1 Qf8 37. Ra7 Qxb4 38. Ne4 Qb1+ 39. Kh2 Qc1 40. Nf6+ Kh8 41. Qa8+ 1-0

[Event "Early-Titled-Tuesday-Blitz-March-19-2024"]
[Site "Chess.com"]
[Date "2024.03.19"]
[Round "11"]
[White "secrethawk1"]
[Black "carloseduar100"]
[Result "1-0"]
[WhiteElo "2425"]
[BlackElo "2255"]
[TimeControl "180+1"]
[EndTime "10:05:43 PDT"]
[Termination "secrethawk1 won by checkmate"]

1. e4 e6 2. d4 d5 3. Nc3 Nf6 4. Bg5 Be7 5. e5 Nfd7 6. Bxe7 Qxe7 7. f4 O-O 8. Nf3 c5 9. Bd3 f5 10. dxc5 Nxc5 11. O-O Nc6 12. Ne2 Ne4 13. c3 a6 14.
Nfd4 Qc5 15. Rc1 b5 16. Bxe4 dxe4 17. Qd2 Rd8 18. Qe3 Nxd4 19. Nxd4 g6 20. Rfd1 Rd5 21. Kf2 Kf7 22. b4 Qc4 23. Nb3 Bb7 24. Rd2 Rad8 25. Rcd1 Rxd2+ 26. Rxd2 Rxd2+ 27. Qxd2 Bd5 28. Qe3 Kg7 29. h4 h5 30. Nc1 Kh6 31. a3 a5 32.
Ne2 Qa2 33. bxa5 Qxa3 34. Qb6 Bc4 35. Qd8 Bxe2 36. Qh8# 1-0

[Event "Early-Titled-Tuesday-Blitz-March-19-2024"]
[Site "Chess.com"]
[Date "2024.03.19"]
[Round "11"]
[White "XDPS"]
[Black "KNVB"]
[Result "1-0"]
[WhiteElo "2918"]
[BlackElo "2819"]
[TimeControl "180+1"]
[EndTime "10:05:44 PDT"]
[Termination "XDPS won by resignation"]

1. d4 Nf6 2. Bf4 d5 3. e3 c5 4. Nf3 Nc6 5. Nbd2 Bg4 6. c3 Qb6 7. Qb3 e6 8. Ne5 c4 9. Qa4 Qa5 10. Qxa5 Nxa5 11. Nxg4 Nxg4 12. b3 cxb3 13. axb3 Nc6 14. b4 Nf6 15. Be2 Kd7 16. Nb3 b6 17.
Ba6 Bd6 18. Bb7 Rab8 19. Bxc6+ Kxc6 20. b5+ Kxb5 21. Bxd6 Rb7 22. Nd2 Kc6 23. Be5 Nd7 24. Bg3 b5 25. Ke2 Kb6 26. Nb3 a6 27. Bd6 Rc8 28.
Nc5 Nxc5 29. Bxc5+ Rxc5 30. dxc5+ 1-0

[Event "Early-Titled-Tuesday-Blitz-March-19-2024"]
[Site "Chess.com"]
[Date "2024.03.19"]
[Round "11"]
[White "Adar_07"]
[Black "PLAYER_2006_M"]
[Result "1-0"]
[WhiteElo "2853"]
[BlackElo "2927"]
[TimeControl "180+1"]
[EndTime "10:05:46 PDT"]
[Termination "Adar_07 won by resignation"]

1. Nf3 e6 2. e4 d5 3. exd5 exd5 4. d4 Nc6 5. c3 Bd6 6. Bd3 Nge7 7. O-O O-O 8. Re1 Bf5 9. Bg5 f6 10. Bh4 Kh8 11. Bg3 Qd7 12. b4 a6 13. a4 Bxd3 14. Qxd3 Qf5 15. Qe2 Ng6 16. Bxd6 cxd6 17. g3 Nce7 18.
Nbd2 Rac8 19. Rac1 Rc7 20. c4 dxc4 21. Nxc4 Qd7 22. Nb6 Qd8 23. a5 Rxc1 24. Rxc1 Nc6 25. d5 Nxb4 26. Qc4 Qe7 27. Qxb4 f5 28. Re1 Qc7 29.
Nd4 Qf7 30. Qxd6 f4 31. g4 Nh4 32. Re7 Re8 33. Rxe8+ Qxe8 34. Qe6 Qf8 35. d6 1-0

[Event "Early-Titled-Tuesday-Blitz-March-19-2024"]
[Site "Chess.com"]
[Date "2024.03.19"]
[Round "11"]
[White "BardArtem"]
[Black "Alexei_Gubajdullin"]
[Result "1-0"]
[WhiteElo "2821"]
[BlackElo "2656"]
[TimeControl "180+1"]
[EndTime "10:05:47 PDT"]
[Termination "BardArtem won by resignation"]

1. e4 e5 2. Nf3 Nf6 3. Nc3 Bb4 4. d3 O-O 5. Bd2 Re8 6. Be2 d5 7. O-O d4 8. Nb1 Bxd2 9. Nbxd2 c5 10. c3 Nc6 11. Re1 Nh5 12. Nxd4 exd4 13. Bxh5 dxc3 14.
bxc3 Qxd3 15. Re3 Qd6 16. Nc4 Qe7 17. e5 Be6 18. Nd6 Red8 19. f4 f6 20. Qe2 fxe5 21. fxe5 Rf8 22. Bf3 Na5 23. Rb1 Rab8 24. Be4 b6 25. c4 g6 26. Rg3 Qg7 27. Bd5 Qe7 28.
Qe4 Kg7 29. h4 Bf5 30. Nxf5+ Rxf5 31. Qxf5 Qxh4 32. Qf6+ Qxf6 33. exf6+ Kxf6 34. Rf1+ Kg7 35. Rf7+ 1-0

[Event "Early-Titled-Tuesday-Blitz-March-19-2024"]
[Site "Chess.com"]
[Date "2024.03.19"]
[Round "11"]
[White "Alexchess1984"]
[Black "Ural_bogatyr"]
[Result "1-0"]
[WhiteElo "2761"]
[BlackElo "2624"]
[TimeControl "180+1"]
[EndTime "10:05:47 PDT"]
[Termination "Alexchess1984 won by resignation"]

1. e4 e5 2. Nf3 Nc6 3. Bc4 Bc5 4. b4 Bxb4 5. c3 Ba5 6. d4 Qe7 7.
O-O Nf6 8. Ba3 Qd8 9. Ng5 d5 10. exd5 Nxd5 11. Qh5 Qd7 12. Qf3 f6 13. Ne4 Nf4 14.
h3 Bb6 15. dxe5 Nxe5 16. Qxf4 Nxc4 17. Nxf6+ gxf6 18. Qxc4 Qe6 19. Qh4 Kf7 20. Nd2 Qd5 21. Rae1 c5 22. Ne4 Qg5 23. Nxg5+ 1-0

[Event "Early-Titled-Tuesday-Blitz-March-19-2024"]
[Site "Chess.com"]
[Date "2024.03.19"]
[Round "11"]
[White "Statham_01"]
[Black "AlessiaSanteramo"]
[Result "1-0"]
[WhiteElo "2591"]
[BlackElo "2308"]
[TimeControl "180+1"]
[EndTime "10:05:51 PDT"]
[Termination "Statham_01 won by resignation"]

1. Na3 e5 2. Nc4 Nc6 3. e4 Nf6 4. d3 Bc5 5. Nf3 d5 6. exd5 Qxd5 7. Be3 Bg4 8. Be2 O-O 9. h3 Be6 10. O-O b5 11. Bxc5 Qxc5 12. Ne3 Rad8 13. Qc1 Nd4 14.
Bd1 Bc8 15. b4 Qe7 16. Re1 Bb7 17. Nxd4 exd4 18. Bf3 Bxf3 19. Nf5 Qxb4 20. Qg5 Nh5 21. Nh6+ Kh8 22. Nxf7+ Kg8 23. Nxd8 h6 24. Qe5 Rxd8 25.
gxf3 Nf6 26. Qe7 Re8 27. Qxb4 1-0

[Event "Early-Titled-Tuesday-Blitz-March-19-2024"]
[Site "Chess.com"]
[Date "2024.03.19"]
[Round "11"]
[White "rhungaski"]
[Black "Flaccidmoves"]
[Result "1-0"]
[WhiteElo "2599"]
[BlackElo "2441"]
[TimeControl "180+1"]
[EndTime "10:05:51 PDT"]
[Termination "rhungaski won by checkmate"]

1. e4 e5 2. Nf3 Nc6 3. d4 exd4 4. Nxd4 Nf6 5. Nc3 Bb4 6. Nxc6 bxc6 7. Bd3 O-O 8. O-O d5 9. Bd2 Bxc3 10. Bxc3 dxe4 11.
Bc4 Be6 12. Bxe6 fxe6 13. Qe2 Qd5 14. b3 Rad8 15. a4 Qf5 16. Rae1 Rd5 17. f3 e3 18. Qxe3 Qxc2 19. Qxe6+ Kh8 20. Bxf6 gxf6 21. Rc1 Qxb3 22. Rxc6 Qd3 23. Rxc7 Qd4+ 24. Kh1 Qf2 25. Rcc1 Qd4 26. Qe7 Rdd8 27. Rc7 Qd3 28. Qg7# 1-0

[Event "Early-Titled-Tuesday-Blitz-March-19-2024"]
[Site "Chess.com"]
[Date "2024.03.19"]
[Round "11"]
[White "jefferyx"]
[Black "Sam_ChessMood"]
[Result "1-0"]
[WhiteElo "3095"]
[BlackElo "2948"]
[TimeControl "180+1"]
[EndTime "10:05:52 PDT"]
[Termination "jefferyx won on time"]

1. b4 e5 2. Bb2 Bxb4 3. Bxe5 Nf6 4.
e3 O-O 5. c3 Ba5 6. Qa4 Nc6 7.
Bxf6 Qxf6 8. d4 Re8 9. Nf3 a6 10. Bd3 d5 11. O-O Bg4 12. Ne5 Rxe5 13. dxe5 Nxe5 14.
Qxa5 Nxd3 15. Qxd5 Be2 16. Qxb7 Re8 17. Nd2 Bxf1 18.
Rxf1 Qxc3 19. Nf3 c5 20. Qxa6 h6 21. a4 c4 22. a5 Qb4 23. Qc6 Re6 24. Qc8+ Kh7 25.
h3 Rf6 26. a6 Qa4 27. a7 Qxa7 28. Qxc4 Nc5 29. Ne5 Ne6 30. Rd1 Qa5 31. Qe4+ Kg8 32. Rc1 Qd8 33. Qb7 Qd2 34. Rc8+ Kh7 35. Qe4+ g6 36.
Ng4 Rf5 37. Qa8 Qd1+ 38. Kh2 Qd6+ 39. f4 1-0

[Event "Early-Titled-Tuesday-Blitz-March-19-2024"]
[Site "Chess.com"]
[Date "2024.03.19"]
[Round "11"]
[White "ljuks68"]
[Black "javirec"]
[Result "0-1"]
[WhiteElo "2417"]
[BlackElo "2266"]
[TimeControl "180+1"]
[EndTime "10:05:53 PDT"]
[Termination "javirec won on time"]

1. e4 e6 2. d4 d5 3. Nc3 Bb4 4. e5 c5 5. a3 Ba5 6. b4 cxd4 7.
Nb5 Bb6 8. Nd6+ Kf8 9. f4 Nc6 10. Nf3 f6 11. Bd3 Nh6 12. O-O Ng4 13. Kh1 Ne3 14.
Bxe3 dxe3 15. c4 Bc7 16. c5 b6 17. Qe2 bxc5 18. bxc5 Bxd6 19. cxd6 Qb6 20. Rab1 Qa5 21. Qxe3 Bd7 22. Rb7 Rd8 23. Bb5 d4 24. Nxd4 Nxd4 25. Bxd7 Qd5 26. Rd1 Qxb7 27. Ba4 Nf5 28. Qd3 Kf7 29. Bb3 Nh4 30. Bxe6+ Kxe6 31. Qc4+ Kf5 32. Qd3+ Ke6 33. Qc4+ Kd7 34. Qf7+ Kc8 0-1

[Event "Early-Titled-Tuesday-Blitz-March-19-2024"]
[Site "Chess.com"]
[Date "2024.03.19"]
[Round "11"]
[White "Pragmatist237"]
[Black "zurzan"]
[Result "0-1"]
[WhiteElo "2180"]
[BlackElo "2074"]
[TimeControl "180+1"]
[EndTime "10:05:55 PDT"]
[Termination "zurzan won by resignation"]

1. e4 c5 2. Nf3 g6 3. d4 cxd4 4. Nxd4 Nf6 5. Nc3 Bg7 6. Be3 O-O 7. Be2 Nc6 8. O-O Nxd4 9. Bxd4 a6 10. a4 d6 11. f4 Qa5 12. Kh1 Bd7 13. Bxf6 Bxf6 14. e5 Bg7 15. Nd5 dxe5 16. Nxe7+ Kh8 17. Qxd7 exf4 18.
Qd5 Qb4 19. Nf5 gxf5 20. Qxf5 Rad8 21. Bd3 Rxd3 22. Qxd3 Qxb2 23. Rae1 Qb4 24. Re4 Qb6 25. Rexf4 Qe6 26. Qf3 f6 27. Qxb7 Rf7 28. Qa8+ Rf8 29. Qe4 Qc8 30. Rh4 h6 31. Rg4 f5 32. Qc4 fxg4 33.
Qxc8 Rxc8 34. Rf7 0-1

[Event "Early-Titled-Tuesday-Blitz-March-19-2024"]
[Site "Chess.com"]
[Date "2024.03.19"]
[Round "11"]
[White "Carlos-Godoy"]
[Black "shirovin"]
[Result "0-1"]
[WhiteElo "2055"]
[BlackElo "2039"]
[TimeControl "180+1"]
[EndTime "10:05:55 PDT"]
[Termination "shirovin won on time"]

1. e4 d6 2. d4 Nf6 3. Nc3 e5 4.
Nf3 Nbd7 5. g4 Nxg4 6. Rg1 Ngf6 7. Bc4 h6 8. Be3 Qe7 9. Qd3 c6 10. O-O-O b5 11. Bb3 a5 12. dxe5 Nxe5 13. Nxe5 dxe5 14. Bc5 Qc7 15. Bxf8 Rxf8 16. Rxg7 a4 17. Bd5 cxd5 18. Qxb5+ Bd7 19. Nxd5 Nxd5 20. Qxd5 Rc8 21. Rd2 Be6 22. Qb5+ Bd7 23. Qd5 Qc6 24. Qxe5+ Qe6 25. Qd4 Bc6 26. Kb1 Bxe4 27. Rg3 Bxc2+ 0-1

[Event "Early-Titled-Tuesday-Blitz-March-19-2024"]
[Site "Chess.com"]
[Date "2024.03.19"]
[Round "11"]
[White "KhazhatulyAlikhan"]
[Black "LornerAcosta"]
[Result "0-1"]
[WhiteElo "2473"]
[BlackElo "2621"]
[TimeControl "180+1"]
[EndTime "10:05:57 PDT"]
[Termination "LornerAcosta won by checkmate"]

1. e4 c5 2. Nf3 Nc6 3. d4 cxd4 4. Nxd4 Nf6 5. Nc3 e6 6. Ndb5 Bb4 7. Bf4 Nxe4 8. Nc7+ Ke7 9. Qd3 d5 10. Nxa8 Qa5 11. Be2 e5 12. Bd2 Nxd2 13. Qxd2 d4 14. Nd5+ Qxd5 15. c3 dxc3 16. bxc3 Qxd2+ 17. Kxd2 Rd8+ 18. Kc2 Bf5+ 19. Kb2 Rd2+ 20. Kb3 Bd6 21. Bd1 b5 22. a4 Be6+ 23. c4 Bxc4+ 24. Kc3 Bb4# 0-1

[Event "Early-Titled-Tuesday-Blitz-March-19-2024"]
[Site "Chess.com"]
[Date "2024.03.19"]
[Round "11"]
[White "andrew-blr"]
[Black "AccioChess"]
[Result "0-1"]
[WhiteElo "2598"]
[BlackElo "2495"]
[TimeControl "180+1"]
[EndTime "10:05:58 PDT"]
[Termination "AccioChess won by resignation"]

1. d4 Nf6 2. c4 g6 3. Nc3 d5 4.
Bg5 Bg7 5. Nf3 O-O 6. e3 c5 7. dxc5 Qa5 8. Qa4 Qxa4 9. Nxa4 Ne4 10. O-O-O Bd7 11. Nc3 Nxc3 12. bxc3 dxc4 13. Bxe7 Re8 14. Bd6 Ba4 15. Rd4 Nc6 16. Bxc4 Na5 17. Bd5 Bc6 18.
Bxc6 Nxc6 19. Rd3 b6 20. Kc2 bxc5 21. Bxc5 Rac8 22. Rd5 Re4 23. Nd4 Ne7 24. Bxe7 Rxe7 25. Rb1 Rec7 26. Rb3 h5 27. Kd3 Rc4 28. Rd8+ Rxd8 29.
Kxc4 Rc8+ 30. Kd3 Rc5 31. Ra3 a5 32. Ra4 h4 33. Rc4 Rg5 34. g3 h3 35. Rc8+ Kh7 36. f4 Rxg3 37. hxg3 h2 38. Nf3 h1=Q 39. Ng5+ Kh6 40.
Nxf7+ Kh5 41. Rc5+ Kg4 42. Rg5+ Kf3 43. Rxg6 Qb1+ 44.
Kd2 Qxg6 45. Ne5+ Bxe5 0-1

[Event "Early-Titled-Tuesday-Blitz-March-19-2024"]
[Site "Chess.com"]
[Date "2024.03.19"]
[Round "11"]
[White "ajeale2"]
[Black "campochess"]
[Result "1-0"]
[WhiteElo "2450"]
[BlackElo "2203"]
[TimeControl "180+1"]
[EndTime "10:05:58 PDT"]
[Termination "ajeale2 won by resignation"]

1. e4 c5 2. Nc3 Nc6 3. g3 e6 4. Bg2 Nge7 5. Nge2 d5 6. d3 d4 7. Nb1 e5 8. O-O f6 9. Nd2 g6 10. f4 Bg7 11. a4 O-O 12. Nc4 b6 13. fxe5 Nxe5 14.
Nf4 Bg4 15. Qe1 g5 16. Nd5 Nxd5 17. exd5 Rc8 18. Nxe5 fxe5 19. Rxf8+ Qxf8 20. Bxg5 Qd6 21. Qe4 Bh5 22. Bh3 Bg6 23. Qh4 Rf8 24. Be6+ Bf7 25. Be7 Qxe6 26. dxe6 Bxe6 27. Bxf8 Bxf8 28. Rf1 e4 29. Rxf8+ Kxf8 30. Qf6+ Bf7 31. dxe4 c4 32. Qxd4 c3 33. bxc3 1-0

[Event "Early-Titled-Tuesday-Blitz-March-19-2024"]
[Site "Chess.com"]
[Date "2024.03.19"]
[Round "11"]
[White "Crazy_girl99"]
[Black "martinbitel"]
[Result "1-0"]
[WhiteElo "2597"]
[BlackElo "2423"]
[TimeControl "180+1"]
[EndTime "10:05:59 PDT"]
[Termination "Crazy_girl99 won on time"]

1. e4 c5 2. Nf3 d6 3. d4 cxd4 4.
Nxd4 Nf6 5. Nc3 a6 6. h3 Nc6 7.
Be3 e5 8. Nb3 Be6 9. Qd2 Be7 10.
O-O-O Rc8 11. g4 h6 12. f4 exf4 13. Bxf4 Ne5 14. Nd4 Qa5 15. Nxe6 fxe6 16. Kb1 Rxc3 17. Qxc3 Qxc3 18. bxc3 Nxe4 19. Re1 Nxc3+ 20. Kb2 Nd5 21. Bxe5 dxe5 22. Bd3 O-O 23. Rhf1 Rc8 24. c4 Nf4 25. Rf3 Bf6 26. Re4 Be7 27. Kb3 Bd6 28. a4 a5 29. Re1 Rc6 30. Kc2 Rb6 31. Rb1 Bb4 32. Re3 Rd6 33. Rb3 b6 34. Rxe5 Nxh3 35.
Bg6 Nf4 36. Be4 Rd2+ 37. Kc1 g5 38. Rxb4 1-0

[Event "Early-Titled-Tuesday-Blitz-March-19-2024"]
[Site "Chess.com"]
[Date "2024.03.19"]
[Round "11"]
[White "lluiss"]
[Black "balack95"]
[Result "0-1"]
[WhiteElo "2242"]
[BlackElo "2466"]
[TimeControl "180+1"]
[EndTime "10:05:59 PDT"]
[Termination "balack95 won on time"]

1. Nf3 d5 2. d4 Nf6 3. c4 e6 4.
cxd5 exd5 5. Nc3 h6 6. Bf4 Bd6 7. Bxd6 Qxd6 8. e3 c6 9. Be2 O-O 10.
O-O Bf5 11. Ne5 Nbd7 12. Nxd7 Qxd7 13. b4 a6 14. Na4 Rae8 15. Nc5 Qc8 16. a4 Ne4 17. Rc1 Nxc5 18. Rxc5 Re6 19. Qb3 Rg6 20.
g3 Bg4 21. Bd3 Bf3 22. Rfc1 Re8 23. b5 axb5 24. axb5 Qh3 25. Bf1 Qd7 26. bxc6 bxc6 27. Qb6 Ree6 28. Bd3 Be4 29. Be2 Rgf6 30. Bg4 Bf3 31. Bh3 g5 32. Bf1 Kg7 33. Qb8 Re8 34.
Qb6 Ree6 35. Ra1 h5 36. Ra8 Re8 37. Ra7 Qf5 38. Rxc6 Ree6 39. Rxe6 Rxe6 40. Qb2 h4 0-1

[Event "Early-Titled-Tuesday-Blitz-March-19-2024"]
[Site "Chess.com"]
[Date "2024.03.19"]
[Round "11"]
[White "visa"]
[Black "HelvertHernandez"]
[Result "0-1"]
[WhiteElo "2272"]
[BlackElo "2046"]
[TimeControl "180+1"]
[EndTime "10:05:59 PDT"]
[Termination "HelvertHernandez won on time"]

1. e4 c5 2. a3 e6 3. b4 cxb4 4. axb4 Bxb4 5. Bb2 Nf6 6. e5 Nd5 7. c4 Nb6 8. Ra3 O-O 9. Rg3 Qc7 10. Qg4 g6 11. h4 h5 12. Qxh5 Nxc4 13. Rxg6+ fxg6 14. Qxg6+ Kh8 15. Qh6+ Kg8 16. Rh3 Kf7 17. Rf3+ Ke8 18. Qg6+ Kd8 19. Qg5+ Ke8 20. Qh5+ Kd8 21. Qg5+ Ke8 22.
Bd3 d5 23. Bc3 Rxf3 24. Nxf3 Bxc3 25. Bg6+ Kd7 26. Nxc3 Nc6 27. Qf6 Ne7 28. h5 b6 29.
h6 Bb7 30. h7 Qd8 31. Nd4 Qf8 32. Qxe6+ Kc7 33. Ncb5+ Kb8 34. Nc6+ Nxc6 0-1

[Event "Early-Titled-Tuesday-Blitz-March-19-2024"]
[Site "Chess.com"]
[Date "2024.03.19"]
[Round "11"]
[White "Gabix_94"]
[Black "MKlose11"]
[Result "0-1"]
[WhiteElo "2738"]
[BlackElo "2625"]
[TimeControl "180+1"]
[EndTime "10:06:02 PDT"]
[Termination "MKlose11 won by checkmate"]

1. d4 Nf6 2. Nc3 d5 3. Bf4 c5 4. e3 e6 5. Nb5 Na6 6. c3 Be7 7. h3 O-O 8. Nf3 Bd7 9. a4 Ne8 10. Bd3 Nac7 11. Nxc7 Nxc7 12. Ne5 Ne8 13. O-O f5 14. c4 Nf6 15. dxc5 Bxc5 16. cxd5 Nxd5 17. Bc4 Bc6 18. Nxc6 bxc6 19. Qe2 Qf6 20. Rac1 Bb6 21. Ba2 Rac8 22. Rfd1 Kh8 23. Kh1 h6 24. Bh2 f4 25.
e4 Nb4 26. Bb3 e5 27. Rd7 Rcd8 28. Rcd1 Bd4 29. Rxd8 Rxd8 30. Qc4 a5 31. f3 Bxb2 32. Rb1 Bd4 33. Rd1 h5 34. Rf1 Kh7 35. g3 fxg3 36.
Bxg3 Be3 37. f4 exf4 38. Qe2 Qg5 39. Bh2 Rd2 40. Qf3 Nd3 41. e5 Nf2+ 42. Rxf2 Rxf2 43. Qe4+ Kh6 44. Qxc6+ g6 45. Bc4 Rxh2+ 46. Kxh2 Qg1# 0-1

[Event "Early-Titled-Tuesday-Blitz-March-19-2024"]
[Site "Chess.com"]
[Date "2024.03.19"]
[Round "11"]
[White "viktorskliarov"]
[Black "Rurep26"]
[Result "0-1"]
[WhiteElo "2608"]
[BlackElo "2740"]
[TimeControl "180+1"]
[EndTime "10:06:02 PDT"]
[Termination "Rurep26 won by resignation"]

1. e4 e6 2. d4 d5 3. e5 c5 4. c3 Nc6 5. Nf3 Qb6 6. a3 Nh6 7. b4 cxd4 8. Bxh6 gxh6 9. cxd4 Bg7 10. Nc3 Bd7 11. b5 Qa5 12. Qd2 Ne7 13. Bd3 Rc8 14. Ne2 Qxd2+ 15. Kxd2 f6 16. exf6 Bxf6 17. h4 O-O 18. g3 Rc7 19. Nf4 Nc8 20. Rhe1 Re8 21. Ne5 Bxe5 22. Rxe5 Nd6 23. Rc1 Rxc1 24. Kxc1 Bxb5 25.
Bc2 Bd7 26. Bb3 Nb5 27. Ne2 Nxa3 28. Kb2 Nb5 29. Ba4 Bc6 30. Bxb5 Bxb5 31. Nf4 Bd7 32. Nh5 Kf7 33. Re3 Ke7 34. Rf3 Rc8 35. Rf6 Be8 36.
Rxh6 Bg6 37. Nf4 Kf6 38. h5 Kg7 39. Rxg6+ hxg6 40. hxg6 Kf6 41. Kb3 a5 42. g4 b5 43.
f3 a4+ 44. Kb4 Ra8 45. Ka3 b4+ 46. Kxb4 a3 47. g7 a2 0-1

[Event "Early-Titled-Tuesday-Blitz-March-19-2024"]
[Site "Chess.com"]
[Date "2024.03.19"]
[Round "11"]
[White "manitodeplomo"]
[Black "Elnaz_Kaliakhmet"]
[Result "1-0"]
[WhiteElo "2648"]
[BlackElo "2532"]
[TimeControl "180+1"]
[EndTime "10:06:02 PDT"]
[Termination "manitodeplomo won by resignation"]

1. d4 Nf6 2. c4 e6 3. Nf3 Bb4+ 4. Bd2 a5 5. Nc3 d6 6. Qc2 Nbd7 7. e4 e5 8. Be2 O-O 9. O-O Re8 10. d5 Nc5 11.
Bd3 Bg4 12. Ne1 Bxc3 13. Bxc3 c6 14. f3 Bd7 15. Be2 cxd5 16. exd5 b5 17. b3 bxc4 18.
bxc4 a4 19. Rb1 Qc8 20. Qd2 Rb8 21. Nc2 Bf5 22. Rxb8 Qxb8 23. Nb4 Qb6 24. Kh1 Rb8 25. Nc6 Re8 26. Ba5 Qa7 27. Qb4 e4 28. Bb6 Qd7 29.
Bxc5 dxc5 30. Qxc5 exf3 31. Bxf3 Bd3 32. Rd1 Ng4 33. Qd4 Be4 34. Bxe4 Rxe4 35. Qg1 Qf5 36. Rf1 Qe5 37. Nxe5 1-0

[Event "Early-Titled-Tuesday-Blitz-March-19-2024"]
[Site "Chess.com"]
[Date "2024.03.19"]
[Round "11"]
[White "mishanick"]
[Black "Robert_Chessmood"]
[Result "1-0"]
[WhiteElo "3128"]
[BlackElo "2969"]
[TimeControl "180+1"]
[EndTime "10:06:04 PDT"]
[Termination "mishanick won on time"]

1. d4 d5 2. c4 e6 3. Nc3 Nf6 4. Nf3 c6 5. e3 Nbd7 6. Qc2 Bd6 7. Be2 O-O 8. O-O b6 9. e4 dxe4 10. Nxe4 Nxe4 11. Qxe4 Bb7 12. Rd1 Qe7 13. Bf4 Nf6 14.
Qe3 Bxf4 15. Qxf4 c5 16. Ne5 Rad8 17. dxc5 bxc5 18. h3 Nd7 19. Nxd7 Rxd7 20. Rxd7 Qxd7 21.
Rd1 Qe7 22. Qd6 Qxd6 23. Rxd6 Rb8 24. b3 Be4 25. Rd7 a5 26. Ra7 Ra8 27. Rc7 Bb1 28. Bf3 Rb8 29. a4 Kf8 30. Rxc5 Rxb3 31. Rxa5 Rc3 32. c5 Ba2 33. c6 Bd5 34. Bxd5 exd5 35. Rxd5 Rxc6 36. Rd1 Ra6 37. Ra1 Ra5 38. Kf1 Ke7 39.
Ke2 Kd6 40. Kd3 Kc6 41. Kc4 Rc5+ 42. Kb3 Rf5 43. Ra2 h5 44. a5 Kb7 45. a6+ Ka7 46. Kc4 h4 47. Kd4 Rg5 48. f3 Rf5 49. Ke4 g6 50. f4 Rb5 51. Kf3 f5 52. Ra3 Rc5 53.
g3 hxg3 54. Kxg3 Rc4 55. Rd3 Kxa6 56. Rd6+ Kb5 57. Rxg6 Kc5 58. Re6 Kd4 59. Kh4 Rc1 60.
Kg5 1-0